AA NE
AKRON RUBBERDUCKS @ BINGHAMTON RUMBLE PONIES
05/04/2042
 
TOP OF THE 1ST
Akron RubberDucks batting - Pitching for Binghamton Rumble Ponies : RHP Jim Unknown
Pitching: RHP Jim Unknown
Batting: RHB Yifu Fang 0-0: Called Strike
0-1: Ball
1-1: Ball
2-1: Ball
3-1: Base on Balls
Batting: RHB Doug Black 0-0: Bunted foul
0-1: Sac Bunt to 5S - play at first, batter OUT! 5-3
Yifu Fang to second
Batting: LHB Ignacio Hernández 0-0: Called Strike
0-1: Ball
1-1: Ball
2-1: Foul Ball, location: 2F
2-2: Foul Ball, location: 2F
2-2: Foul Ball, location: 9LSFF
2-2: Foul Ball, location: 23F
2-2: Foul Ball, location: 2F
2-2: Hit by Pitch
Batting: LHB Spike Lehman 0-0: Ball
Yifu Fang steals 3rd base (no throw)
1-0: Ball
2-0: Swinging Strike
2-1: Ball
3-1: Base on Balls
Ignacio Hernández to second
Batting: RHB António Trujillo 0-0: Ball
1-0: Called Strike
1-1: Ball
2-1: Grounds into fielders choice 1-2 (Groundball, 15S, EV 69.4 MPH)
Ignacio Hernández to third
Spike Lehman to second
Batting: RHB Dan Myers 0-0: Foul Ball, location: 3FF
0-1: Foul Ball, location: 9LSF
0-2: Ball
1-2: Strikes out swinging
Top of the 1st over - 0 runs, 0 hits, 0 errors, 3 left on base; Akron 0 - Binghamton 0
BOTTOM OF THE 1ST
Binghamton Rumble Ponies batting - Pitching for Akron RubberDucks : LHP Chris Kenney
Pitching: LHP Chris Kenney
Batting: SHB Jim Unknown 0-0: Called Strike
0-1: Called Strike
0-2: Foul Ball, location: 9LMF
0-2: DOUBLE (Line Drive, 3D, EV 101.3 MPH)
Batting: RHB Jim Unknown 0-0: Ball
1-0: Foul Ball, location: 2F
1-1: Called Strike
1-2: Ground out U3 (Groundball, 3, EV 86.3 MPH)
Jim Unknown to third
Batting: RHB Jim Unknown 0-0: Ball
1-0: Swinging Strike
1-1: Ball
2-1: Fly out, F9 (Flyball, 9D, EV 103.8 MPH)
Runner from 3rd tags up, SCORES, throw by RF
Batting: LHB Jim Unknown 0-0: Ball
1-0: SINGLE (Flyball, 5D, EV 95.6 MPH)
Batting: RHB Jim Unknown 0-0: Foul Ball, location: 9LSF
0-1: Ball
1-1: Called Strike
1-2: Fly out, F8 (Flyball, 8RD, EV 79.4 MPH)
Bottom of the 1st over - 1 run, 2 hits, 0 errors, 1 left on base; Akron 0 - Binghamton 1
TOP OF THE 2ND
Akron RubberDucks batting - Pitching for Binghamton Rumble Ponies : RHP Jim Unknown
Batting: RHB José González 0-0: Called Strike
0-1: Foul Ball, location: 2F
0-2: Ball
1-2: SINGLE (Line Drive, 89S, EV 91.9 MPH)
Batting: RHB Randy Burke 0-0: Ball
1-0: Ball
2-0: Foul Ball, location: 9LSF
2-1: Ball
José González is caught stealing 2nd base 2-4
3-1: Ground out 5-3 (Groundball, 56, EV 85.0 MPH)
Batting: RHB Tim Adkins 0-0: Ball
1-0: Ball
2-0: Ball
3-0: Called Strike
3-1: Foul Ball, location: 2F
3-2: Foul Ball, location: 23F
3-2: Base on Balls
Batting: RHB Yifu Fang 0-0: Ball
1-0: Ball
2-0: Called Strike
2-1: Ball
3-1: Foul Ball, location: 5FF
3-2: Base on Balls
Tim Adkins to second
Batting: RHB Doug Black 0-0: Called Strike
0-1: Foul Ball, location: 9LMF
0-2: Ball
1-2: Ball
2-2: Ball
3-2: Strikes out swinging
Top of the 2nd over - 0 runs, 1 hit, 0 errors, 2 left on base; Akron 0 - Binghamton 1
BOTTOM OF THE 2ND
Binghamton Rumble Ponies batting - Pitching for Akron RubberDucks : LHP Chris Kenney
Batting: LHB Jim Unknown 0-0: Called Strike
0-1: SINGLE (Flyball, 8LS, EV 93.8 MPH)
Batting: RHB Jim Unknown 0-0: Sac Bunt to 15S - play at first, batter OUT! 1-3
Jim Unknown to second
Batting: RHB Jim Unknown 0-0: Foul Ball, location: 3FF
0-1: Ground out 4-3 (Groundball, 4, EV 108.1 MPH)
Jim Unknown to third
Batting: RHB Jim Unknown 0-0: Foul Ball, location: 9LSF
0-1: Called Strike
0-2: Ball
1-2: Ball
2-2: Ball
3-2: Ground out 4-3 (Groundball, 4M, EV 88.1 MPH)
Bottom of the 2nd over - 0 runs, 1 hit, 0 errors, 1 left on base; Akron 0 - Binghamton 1
TOP OF THE 3RD
Akron RubberDucks batting - Pitching for Binghamton Rumble Ponies : RHP Jim Unknown
Batting: LHB Ignacio Hernández 0-0: Called Strike
0-1: Ball
1-1: Ball
2-1: SINGLE (Groundball, 4, EV 100.0 MPH)
Batting: LHB Spike Lehman 0-0: Ball
1-0: Called Strike
1-1: Foul Ball, location: 5F
1-2: Ball
2-2: Ground out 4-3 (Groundball, 34D, EV 99.4 MPH)
Ignacio Hernández to second
Batting: RHB António Trujillo 0-0: Ground out 6-3 (Groundball, 6, EV 82.5 MPH)
Batting: RHB Dan Myers 0-0: Foul Ball, location: 3F
0-1: Fly out, F7 (Flyball, 7S, EV 89.4 MPH)
Top of the 3rd over - 0 runs, 1 hit, 0 errors, 1 left on base; Akron 0 - Binghamton 1
BOTTOM OF THE 3RD
Binghamton Rumble Ponies batting - Pitching for Akron RubberDucks : LHP Chris Kenney
Batting: SHB Jim Unknown 0-0: Ball
1-0: Ball
2-0: Called Strike
2-1: Swinging Strike
2-2: Foul Ball, location: 9LMF
2-2: Foul Ball, location: 3SF
2-2: Ball
3-2: Foul Ball, location: 2F
3-2: Ground out 5-3 (Groundball, 5, EV 87.5 MPH)
Batting: RHB Jim Unknown 0-0: Ball
1-0: Ball
2-0: Fly out, F5 (Popup, 25F, EV 92.5 MPH)
Batting: RHB Jim Unknown 0-0: Fly out, F9 (Flyball, 89S, EV 90.6 MPH)
Bottom of the 3rd over - 0 runs, 0 hits, 0 errors, 0 left on base; Akron 0 - Binghamton 1
TOP OF THE 4TH
Akron RubberDucks batting - Pitching for Binghamton Rumble Ponies : RHP Jim Unknown
Batting: RHB José González 0-0: Ball
1-0: Ball
2-0: Ball
3-0: Called Strike
3-1: DOUBLE (Line Drive, 5D, EV 97.5 MPH)
Batting: RHB Randy Burke 0-0: Called Strike
0-1: Foul Ball, location: 5FF
0-2: Ball
1-2: Ball
2-2: Ball
3-2: SINGLE (Line Drive, 6MD, EV 105.0 MPH)
José González to third
Runner from 3rd tries for Home, throw by CF and OUT! 8-2
Batting: RHB Tim Adkins 0-0: Fly out, F7 (Flyball, 7, EV 96.9 MPH)
Batting: RHB Yifu Fang 0-0: Foul Ball, location: 9LMF
0-1: Foul Ball, location: 2F
0-2: Ground out 4-3 (Groundball, 34S, EV 90.0 MPH)
Top of the 4th over - 0 runs, 2 hits, 0 errors, 1 left on base; Akron 0 - Binghamton 1
BOTTOM OF THE 4TH
Binghamton Rumble Ponies batting - Pitching for Akron RubberDucks : LHP Chris Kenney
Batting: LHB Jim Unknown 0-0: Ball
1-0: Ball
2-0: Swinging Strike
2-1: Foul Ball, location: 25FF
2-2: Strikes out looking
Batting: RHB Jim Unknown 0-0: Ball
1-0: Ball
2-0: Called Strike
2-1: Ball
3-1: Foul Ball, location: 3F
3-2: Foul Ball, location: 2F
3-2: SINGLE (Line Drive, 8RS, EV 95.0 MPH)
Batting: LHB Jim Unknown 0-0: Hit by Pitch
Jim Unknown to second
Batting: RHB Jim Unknown 0-0: Swinging Strike
0-1: Ball
1-1: Ball
2-1: DOUBLE (Line Drive, 78M, EV 91.3 MPH)
Jim Unknown scores
Jim Unknown to third
Runner from 3rd tries for Home, SAFE, throw by CF to trailing runner, OUT at third! 8-3-5
Batting: RHB Jim Unknown 0-0: Called Strike
0-1: Ball
1-1: Ball
2-1: Ball
3-1: Base on Balls
Batting: RHB Jim Unknown 0-0: Ball
1-0: Called Strike
1-1: Foul Ball, location: 5F
1-2: Ball
2-2: Foul Ball, location: 2F
2-2: Ball
3-2: Strikes out swinging
Bottom of the 4th over - 2 runs, 2 hits, 0 errors, 1 left on base; Akron 0 - Binghamton 3
TOP OF THE 5TH
Akron RubberDucks batting - Pitching for Binghamton Rumble Ponies : RHP Jim Unknown
Batting: RHB Doug Black 0-0: Called Strike
0-1: Foul Ball, location: 3F
0-2: Strikes out looking
Batting: LHB Ignacio Hernández 0-0: Called Strike
0-1: Ball
1-1: Foul Ball, location: 3F
1-2: Ball
2-2: SINGLE (Flyball, 5D, EV 84.4 MPH)
Batting: LHB Spike Lehman 0-0: Called Strike
0-1: Ball
1-1: Ball
2-1: Ball
3-1: Called Strike
3-2: Foul Ball, location: 3FF
3-2: Base on Balls
Ignacio Hernández to second
Batting: RHB António Trujillo 0-0: Foul Ball, location: 2F
0-1: Fly out, F9 (Flyball, 9LD, EV 89.4 MPH)
Runner from 2nd tags up, SAFE at 3rd, no throw by RF
Batting: RHB Dan Myers 0-0: Called Strike
0-1: Ball
1-1: Ball
2-1: Reached on error, E6 (Groundball, 6, EV 104.4 MPH)
Ignacio Hernández scores
Spike Lehman to second
Pitching: RHP Jim Unknown
Batting: RHB José González 0-0: Called Strike
0-1: Ball
1-1: Called Strike
1-2: Ball
2-2: Ball
3-2: Strikes out swinging
Top of the 5th over - 1 run, 1 hit, 1 error, 2 left on base; Akron 1 - Binghamton 3
BOTTOM OF THE 5TH
Binghamton Rumble Ponies batting - Pitching for Akron RubberDucks : LHP Chris Kenney
Batting: SHB Jim Unknown 0-0: Foul Ball, location: 2F
0-1: Ball
1-1: Foul Ball, location: 7LMF
1-2: Ball
2-2: Ball
3-2: Foul Ball, location: 3SF
3-2: Foul Ball, location: 2F
3-2: Fly out, F7 (Flyball, 7D, EV 103.8 MPH)
Batting: RHB Jim Unknown 0-0: Ball
1-0: Ground out 6-3 (Groundball, 6, EV 104.4 MPH)
Batting: RHB Jim Unknown 0-0: Foul Ball, location: 9LDF
0-1: Foul Ball, location: 5DF
0-2: Foul Ball, location: 5FF
0-2: Ball
1-2: Ball
2-2: Fly out, F8 (Flyball, 78M, EV 98.8 MPH)
Bottom of the 5th over - 0 runs, 0 hits, 0 errors, 0 left on base; Akron 1 - Binghamton 3
TOP OF THE 6TH
Akron RubberDucks batting - Pitching for Binghamton Rumble Ponies : RHP Jim Unknown
Batting: RHB Randy Burke 0-0: Ground out 4-3 (Groundball, 4, EV 86.3 MPH)
Batting: RHB Tim Adkins 0-0: Fly out, F9 (Flyball, 9LS, EV 74.4 MPH)
Batting: RHB Yifu Fang 0-0: Called Strike
0-1: Foul Ball, location: 2F
0-2: Ball
1-2: Foul Ball, location: 25FF
1-2: Foul Ball, location: 7LSF
1-2: Ball
2-2: Foul Ball, location: 9LMF
2-2: Foul Ball, location: 9LMF
2-2: Ground out 5-3 (Groundball, 56, EV 80.6 MPH)
Top of the 6th over - 0 runs, 0 hits, 0 errors, 0 left on base; Akron 1 - Binghamton 3
BOTTOM OF THE 6TH
Binghamton Rumble Ponies batting - Pitching for Akron RubberDucks : LHP Chris Kenney
Batting: LHB Jim Unknown 0-0: Foul Ball, location: 2F
0-1: Ground out 6-3 (Groundball, 6, EV 91.3 MPH)
Batting: RHB Jim Unknown 0-0: Foul Ball, location: 9LSF
0-1: Ball
1-1: Ball
2-1: DOUBLE (Line Drive, 8LXD, EV 100.6 MPH)
Batting: LHB Jim Unknown 0-0: Fly out, F8 (Flyball, 8LXD, EV 104.4 MPH)
Runner from 2nd tags up, SAFE at 3rd, no throw by CF
Batting: RHB Jim Unknown 0-0: Called Strike
0-1: Ball
1-1: Foul Ball, location: 9LSF
1-2: Foul Ball, location: 9LDF
1-2: DOUBLE (Flyball, 89D, EV 102.5 MPH)
Jim Unknown scores
Pitching: RHP Torsten Meser
Batting: RHB Jim Unknown 0-0: Ground out 5-3 (Groundball, 5S, EV 88.8 MPH)
Bottom of the 6th over - 1 run, 2 hits, 0 errors, 1 left on base; Akron 1 - Binghamton 4
TOP OF THE 7TH
Akron RubberDucks batting - Pitching for Binghamton Rumble Ponies : RHP Jim Unknown
Batting: RHB Doug Black 0-0: Ball
1-0: Called Strike
1-1: Ball
2-1: Foul Ball, location: 9LMF
2-2: Foul Ball, location: 2F
2-2: SOLO HOME RUN (Line Drive, 7D, EV 98.8 MPH), Distance : 389 ft
Batting: LHB Ignacio Hernández 0-0: Called Strike
0-1: Called Strike
0-2: Ball
1-2: Ball
2-2: Ball
3-2: Base on Balls
Batting: LHB Spike Lehman 0-0: Called Strike
0-1: Ball
1-1: Ball
2-1: Called Strike
2-2: Strikes out swinging
Pinch Hitting: LHB Jim McNeal 0-0: Ball
Ignacio Hernández steals 2nd base
1-0: Ball
2-0: Foul Ball, location: 5F
2-1: Ball
3-1: Fly out, F8 (Line Drive, 78M, EV 89.4 MPH)
Pinch Hitting: LHB Nate Wise 0-0: Ball
1-0: Ground out 4-3 (Groundball, 4, EV 90.0 MPH)
Top of the 7th over - 1 run, 1 hit, 0 errors, 1 left on base; Akron 2 - Binghamton 4
BOTTOM OF THE 7TH
Binghamton Rumble Ponies batting - Pitching for Akron RubberDucks : RHP Torsten Meser
Now at 2B: Rob Furzer
Now at 3B: Alex Jones
Batting: RHB Jim Unknown 0-0: Ball
1-0: Called Strike
1-1: Fly out, F3 (Popup, 3SF, EV 70.6 MPH)
Batting: SHB Jim Unknown 0-0: Called Strike
0-1: Called Strike
0-2: Ground out U3 (Groundball, 3, EV 108.1 MPH)
Batting: RHB Jim Unknown 0-0: Called Strike
0-1: Ball
1-1: Ball
2-1: Foul Ball, location: 5DF
2-2: Foul Ball, location: 5FF
2-2: Strikes out swinging
Bottom of the 7th over - 0 runs, 0 hits, 0 errors, 0 left on base; Akron 2 - Binghamton 4
TOP OF THE 8TH
Akron RubberDucks batting - Pitching for Binghamton Rumble Ponies : RHP Jim Unknown
Batting: RHB José González 0-0: Called Strike
0-1: Swinging Strike
0-2: Ball
1-2: Foul Ball, location: 2F
1-2: Foul Ball, location: 7LDF
1-2: Ground out U3 (Groundball, 34D, EV 86.3 MPH)
Pinch Hitting: SHB Ernesto Méndez 0-0: Ball
1-0: Swinging Strike
1-1: Ball
2-1: Ball
3-1: Foul Ball, location: 2F
3-2: Strikes out swinging
Batting: RHB Tim Adkins 0-0: Called Strike
0-1: Ground out U3 (Groundball, 34S, EV 85.6 MPH)
Top of the 8th over - 0 runs, 0 hits, 0 errors, 0 left on base; Akron 2 - Binghamton 4
BOTTOM OF THE 8TH
Binghamton Rumble Ponies batting - Pitching for Akron RubberDucks : RHP Torsten Meser
Now in CF: Tim Sharpe
Batting: RHB Jim Unknown 0-0: Called Strike
0-1: Ball
1-1: Ball
2-1: Foul Ball, location: 2F
2-2: Strikes out swinging
Batting: LHB Jim Unknown 0-0: Ball
1-0: Ball
2-0: Ball
3-0: Called Strike
3-1: Ground out 4-3 (Groundball, 4, EV 103.8 MPH)
Batting: RHB Jim Unknown 0-0: Ball
1-0: Ball
2-0: Ball
3-0: Called Strike
3-1: Ground out U3 (Groundball, 3, EV 101.9 MPH)
Bottom of the 8th over - 0 runs, 0 hits, 0 errors, 0 left on base; Akron 2 - Binghamton 4
TOP OF THE 9TH
Akron RubberDucks batting - Pitching for Binghamton Rumble Ponies : RHP Jim Unknown
Pitching: RHP Jim Unknown
Batting: RHB Yifu Fang 0-0: Called Strike
0-1: SINGLE (Groundball, 6MS, EV 71.9 MPH) (infield hit)
Batting: RHB Doug Black 0-0: Called Strike
0-1: Swinging Strike
0-2: Foul Ball, location: 9LMF
0-2: Ball
1-2: Ball
2-2: Ball
3-2: Strikes out swinging
Batting: LHB Ignacio Hernández 0-0: Called Strike
0-1: Foul Ball, location: 2F
0-2: Strikes out looking
Batting: LHB Spike Lehman 0-0: Ball
1-0: Foul Ball, location: 25F
1-1: Foul Ball, location: 25FF
1-2: Ball
2-2: Fly out, F8 (Flyball, 8RD, EV 104.4 MPH)
Top of the 9th over - 0 runs, 1 hit, 0 errors, 1 left on base; Akron 2 - Binghamton 4
Friday, May 3rd , 2024 - OOTP Baseball 24.10 Build 82